 Dungeon Crawl Stone Soup version 0.27.1-34-g3ba077fa99 (webtiles) character file.

Game seed: 14036530676518186778

64 mtoz the Skirmisher (level 4, -1/40 HPs)
             Began as a Hill Orc Fighter on Jan 4, 2022.
             Slain by Sigmund (8 damage)
             ... on level 2 of the Dungeon.
             The game lasted 00:04:06 (1052 turns).

mtoz the Skirmisher (Hill Orc Fighter)              Turns: 1052, Time: 00:04:06

Health: -1/40      AC:  7    Str: 19    XL:     4   Next: 12%
Magic:  4/4        EV:  7    Int:  8    God:
Gold:   91         SH:  9    Dex: 10    Spells: 3/3 levels left

rFire    . . .     SeeInvis .   a - +0 war axe
rCold    . . .     Faith    .   c - +0 kite shield
rNeg     . . .     Spirit   .   b - +0 scale mail
rPois    .         Reflect  .   (no helmet)
rElec    .         Harm     .   (no cloak)
rCorr    .         Rampage  .   (no gloves)
Will     .....                  (no boots)
Stlth    ..........             (no amulet)
HPRegen  0.13/turn              (no ring)
MPRegen  0.09/turn              (no ring)

@: no status effects
A: no striking features
a: no special abilities


You were on level 2 of the Dungeon.
You visited 1 branch of the dungeon, and saw 2 of its levels.

You collected 91 gold pieces.

Inventory:

Hand Weapons
 a - a +0 war axe (weapon)
Armour
 b - a +0 scale mail (worn)
 c - a +0 kite shield (worn)
Scrolls
 e - a scroll of identify {unknown}
 f - 2 scrolls of magic mapping {unknown}
Potions
 d - a potion of might
 g - a potion of cancellation {unknown}
 h - 2 potions of berserk rage {unknown}


   Skills:
 + Level 4.2 Fighting
 + Level 3.6 Axes
 + Level 3.9 Armour
 + Level 3.9 Shields


You had 3 spell levels left.
You didn't know any spells.
Your spell library contained the following spells:

 Spells                   Type           Power      Damage    Failure   Level
 Magic Dart               Conj           0%         1d3       99%         1
 Searing Ray              Conj           0%         3d3       100%        2
 Fulminant Prism          Conj/Hex       0%         3d6       100%        4


Dungeon Overview and Level Annotations

Branches:
Dungeon (2/15)

Altars:

Shops:
D:1 (:(

Annotations:
D:2 Sigmund


Message History

You open the door.
There is an open door here.
You open the door. You open the large door.
A worm comes into view.
Found 27 gold pieces.
Found a stone staircase leading down.
Found a scroll labelled VASCHO HUSTAA.
Sigmund the Dreaded comes into view.
He is wielding a +0 scythe.
Found 2 viscous amethyst potions.
Sigmund shouts!
There is a large open door here.
Sigmund casts a spell.
Sigmund flickers and vanishes!
Deactivating autopickup; reactivate with Ctrl-A.
You hit the worm.
The worm is lightly wounded.
The worm bites you but does no damage.
You hit the worm.
The worm is lightly wounded.
Something hits you! You block the worm's attack.
You slash the worm!
The worm is severely wounded.
Something hits you!
You barely miss the worm.
The worm is severely wounded.
You block something's attack. The worm bites you but does no damage.
You barely miss the worm.
The worm is severely wounded.
Something hits you but does no damage. The worm bites you but does no damage.
You slash the worm!
You kill the worm!
Something hits you.
No target in view!
Something hits you!
* * * LOW HITPOINT WARNING * * *
There is a large open door here.
Something hits you.
* * * LOW HITPOINT WARNING * * *
You miss something. Something hits you!
You die...

######## #.....!#
#......########## #
#......##.......#######
#.$....++.......'.....+
#?.....##.......#######
#.....$##.......#######
#..>.{@''.......'.....+
#......#........#######
#......#....#.......###
.............#..........
.............+..........
.............#..........
.............#..........
#####.########..........
#. ##.........


There were no monsters in sight!

Vanquished Creatures
  2 adders (D:2)
  2 worms (D:2)
  2 dart slugs (D:1)
  4 ball pythons (D:1)
  A bat (D:1)
  3 endoplasms (D:1)
  2 goblins (D:1)
  4 hobgoblins
  6 jackals (D:1)
  2 quokkas
  2 frilled lizards (D:1)
  2 kobolds (D:1)
  A rat (D:1)
33 creatures vanquished.

Notes
Turn   | Place    | Note
-------+----------+-------------------------------------------
     0 | D:1      | mtoz the Hill Orc Fighter began the quest for the Orb.
     0 | D:1      | Reached XP level 1. HP: 19/19 MP: 1/1
    57 | D:1      | Reached XP level 2. HP: 24/27 MP: 2/2
   115 | D:1      | Found Vuasuatt's Book Emporium.
   120 | D:1      | Found Wesyow's Weapon Boutique.
   263 | D:1      | Found a faded altar of an unknown god.
   306 | D:1      | Found Upaismad's Antique Weapon Boutique.
   330 | D:1      | Reached skill level 4 in Fighting
   330 | D:1      | Reached XP level 3. HP: 30/33 MP: 3/3
   903 | D:2      | Reached XP level 4. HP: 36/40 MP: 4/4
  1040 | D:2      | Noticed Sigmund
  1052 | D:2      | Slain by Sigmund

Illustrated notes

Levels and vault maps discovered:
D:1:      minmay_arrival_shattered_statue, layout_basic, basic_ecumenical_altar,
          serial_shops, shop, nicolae_shop_window_shopping, shop_fountains
D:2:      layout_basic, uniq_crazy_yiuf_cottage, uniq_robin, uniq_sigmund

Skill      XL: |  1  2 |
---------------+-------+-----
Axes           | 3 |  3.6
Fighting       | 4 |  4.2
Armour         | |  3.9
Shields        | |  3.9

Action                   |  1- 3 |  4- 6 || total
-------------------------+-------+-------++-------
Melee: War axe           |    83 |    11 ||    94
Armor: Scale mail        |    49 |     4 ||    53
Dodge: Dodged            |    34 |     2 ||    36
Block: Kite shield       |    38 |     2 ||    40
